[Event "Titled Tuesday Blitz July 11 Early 2023"]
[White "Kopczynski, Michal"]
[Black "Kosteniuk, Alexandra"]
[WhiteFideId "1124200"]
[BlackFideId "4128125"]
[WhiteElo "2474"]
[BlackElo "2797"]
[Result "0-1"]
[Round "1"]
[TimeControl "180+2"]
[Date "2023.07.11"]
[WhiteClock "0:00:01"]
[BlackClock "0:00:08"]
[Board "47"]

1. e4 c6 2. d4 d5 3. e5 c5 4. dxc5 e6 5. f4 Bxc5 6. Nf3 Ne7 7. Bd3 Ng6 8. Nc3 Bd7 9. Qe2 Nc6 10. Bd2 Nh4 11. O-O-O Nxf3 12. Qxf3 Nd4 13. Qg4 g6 14. h4 h5 15. Qg3 Qb6 16. f5 gxf5 17. Bg5 Rg8 18. Qe1 Rc8 19. Be2 Nb5 20. Nxb5 Bxb5 21. Bxh5 Ba4 22. b3 Ba3+ 23. Kb1 Qc5 24. Rc1 Bb5 25. Be3 Qc7 26. Qd2 Bxc1 27. Rxc1 d4 28. Qxd4 Bc6 29. Bg5 Bxg2 30. Qb4 Be4 31. Be2 a6 32. Kb2 Qxe5+ 33. Ka3 Qc5 34. Qxc5 Rxc5 35. c4 Rc8 36. Kb2 Kf8 37. Rg1 Rg6 38. h5 Rg8 39. h6 Rh8 40. Rg3 Ke8 41. Rh3 Kd7 42. h7 f4 43. Bf6 Bf5 44. Bxh8 Rxh8 45. Rh4 Rxh7 46. Rxf4 Rh2 47. Kc3 Rxe2 48. Rd4+ Ke7 49. a4 Re3+ 50. Kb4 Re4 51. Rd2 b6 52. Rh2 Re5 53. Rh8 a5+ 54. Kc3 Rc5 55. Rb8 Rc6 56. Rb7+ Kf6 57. Kd4 e5+ 58. Kd5 Re6 59. c5 bxc5 60. Kxc5 e4 0-1


[Site "https://www.chess.com"]

[Event "Titled Tuesday Blitz July 11 Early 2023"]
[White "Svane, Frederik"]
[Black "Baches Garcia, Guillermo"]
[WhiteFideId "12923044"]
[BlackFideId "2209764"]
[WhiteElo "2796"]
[BlackElo "2473"]
[Result "1-0"]
[Round "1"]
[TimeControl "180+2"]
[Date "2023.07.11"]
[WhiteClock "0:00:17"]
[BlackClock "0:00:00"]
[Board "48"]

1. e4 d5 2. exd5 Qxd5 3. Nc3 Qa5 4. d4 Nf6 5. Nf3 Bf5 6. Bc4 e6 7. Bd2 Bb4 8. a3 Bxc3 9. Bxc3 Qb6 10. O-O Nc6 11. Ne5 Nxe5 12. dxe5 Rd8 13. Qf3 Ne4 14. Bb4 a5 15. Bd3 axb4 16. Bxe4 Bxe4 17. Qxe4 bxa3 18. Rxa3 Qxb2 19. Rb3 Qd4 20. Qxb7 O-O 21. Re3 Qc4 22. Qb3 Qxb3 23. cxb3 Rd5 24. g3 g6 25. Rc1 c5 26. Kg2 g5 27. Rc4 h6 28. h4 Kg7 29. Rg4 Kg6 30. hxg5 hxg5 31. f4 f6 32. exf6 Kxf6 33. fxg5+ Ke7 34. g6 Rg8 35. Kf3 Rf5+ 36. Kg2 Rf6 37. Re5 Rfxg6 38. Rxg6 Rxg6 39. Rxc5 Kd6 40. Rc3 Kd5 41. Kf3 e5 42. Rd3+ Kc5 43. Ke4 Rg5 44. Re3 Kb4 45. Kf3 Kc5 46. g4 Kd4 47. Re4+ Kd5 48. Ra4 Rg8 49. Ra7 Kd4 50. Rd7+ Kc3 51. Kg3 Kxb3 52. Re7 Kc4 53. Rxe5 Kd4 54. Re7 Kd5 55. Kh4 Rh8+ 56. Kg5 Rg8+ 57. Kf5 Rf8+ 58. Kg6 Kd6 59. Rf7 Rg8+ 60. Rg7 Rf8 61. g5 Ke6 62. Ra7 Rg8+ 63. Kh6 Rh8+ 64. Kg7 Rb8 65. g6 Rb1 66. Rf7 Rb8 67. Rf2 Rc8 68. Kh7 Ra8 69. g7 Ke7 70. g8=Q 1-0


[Site "https://www.chess.com"]

[Event "Titled Tuesday Blitz July 11 Early 2023"]
[White "Szczurek, Krzysztof"]
[Black "Zemlyanskii, Ivan"]
[WhiteFideId "1185489"]
[BlackFideId "24249971"]
[WhiteElo "2472"]
[BlackElo "2795"]
[Result "0-1"]
[Round "1"]
[TimeControl "180+2"]
[Date "2023.07.11"]
[WhiteClock "0:00:05"]
[BlackClock "0:00:26"]
[Board "49"]

1. Nf3 d5 2. g3 Nf6 3. Bg2 c5 4. O-O e6 5. c4 d4 6. d3 Nc6 7. e4 e5 8. Nh4 g6 9. f4 exf4 10. Bxf4 Ng4 11. Nf3 Bg7 12. Qe2 O-O 13. Nbd2 h6 14. h4 Ne3 15. Bxe3 dxe3 16. Nb3 Nd4 17. Qxe3 Nc2 18. Qd2 Nxa1 19. Rxa1 Bg4 20. Rf1 Qd6 21. Kh2 Rad8 22. Ne1 Be5 23. Qe3 b6 24. Nd2 h5 25. b3 Qe7 26. Ndf3 Bg7 27. Bh3 Bxh3 28. Kxh3 Rd7 29. Kg2 f5 30. Ng5 Bh6 31. e5 Bxg5 32. hxg5 Rfd8 33. Rf2 Rd4 34. Rd2 Qd7 35. e6 Qc6+ 36. Nf3 R4d6 37. e7 Re8 38. Re2 Rd7 39. Kf2 Qd6 40. d4 Rdxe7 41. Qxe7 Rxe7 0-1


[Site "https://www.chess.com"]

[Event "Titled Tuesday Blitz July 11 Early 2023"]
[White "Vakhlamov, Igor L."]
[Black "Balla, Tamas-Kristof"]
[WhiteFideId "24126748"]
[BlackFideId "1208497"]
[WhiteElo "2794"]
[BlackElo "2470"]
[Result "1-0"]
[Round "1"]
[TimeControl "180+2"]
[Date "2023.07.11"]
[WhiteClock "0:00:57"]
[BlackClock "0:00:21"]
[Board "50"]

1. e4 c5 2. Nf3 Nc6 3. Nc3 g6 4. d4 cxd4 5. Nxd4 Bg7 6. Nxc6 bxc6 7. Bc4 Nf6 8. e5 Nd5 9. Nxd5 cxd5 10. Qxd5 O-O 11. Qxa8 Qa5+ 12. c3 Qxe5+ 13. Be2 Qxe2+ 14. Kxe2 Ba6+ 15. Ke1 Rxa8 16. f3 d5 17. Kf2 d4 18. cxd4 Bxd4+ 19. Be3 Bxb2 20. Rab1 Bf6 21. Rhc1 Bc8 22. Rc7 Be6 23. a4 Kg7 24. a5 a6 25. Rb6 Bd5 26. Rc5 e6 27. g4 h6 28. Kg3 Be5+ 29. f4 Bf6 30. h4 e5 1-0


[Site "https://www.chess.com"]

[Event "Titled Tuesday Blitz July 11 Early 2023"]
[White "Rodriguez Fontecha, Marcos"]
[Black "Kozak, Antoni"]
[WhiteFideId "2256576"]
[BlackFideId "21832030"]
[WhiteElo "2469"]
[BlackElo "2789"]
[Result "0-1"]
[Round "1"]
[TimeControl "180+2"]
[Date "2023.07.11"]
[WhiteClock "0:00:07"]
[BlackClock "0:00:21"]
[Board "51"]

1. e4 c5 2. Nc3 Nc6 3. Bb5 Nd4 4. Nf3 e6 5. O-O Ne7 6. Nxd4 cxd4 7. Ne2 Nc6 8. c3 Bc5 9. d3 O-O 10. Kh1 a6 11. Ba4 b5 12. Bb3 Bb7 13. f4 Rc8 14. Ng3 dxc3 15. bxc3 b4 16. cxb4 Bxb4 17. Bb2 Qa5 18. Rc1 Ba3 19. Bxa3 Qxa3 20. Qg4 Qe7 21. Nh5 f6 22. Bc4 Na5 23. Bb3 Nxb3 24. axb3 Bc6 25. Rcd1 Rb8 26. Rfe1 Rxb3 27. d4 Qf7 28. d5 Bb5 29. dxe6 dxe6 30. Rd6 Re8 31. h3 Qg6 32. Qd1 Rc3 33. Rd8 Rc8 34. Rxc8 Rxc8 35. f5 exf5 36. Nf4 Qf7 37. exf5 Re8 38. Ne6 Bd7 39. Qd6 Bxe6 40. fxe6 Qe7 41. Qxa6 h6 42. Qc4 Rd8 43. Qc6 Rd6 44. Qc8+ Kh7 45. Qc4 f5 46. Re3 Rd1+ 47. Kh2 Qd6+ 48. g3 Rd2+ 49. Re2 Rd3 50. Qf4 Qxf4 51. gxf4 Rd8 52. Kg3 Re8 53. Re5 Kg6 54. Kf3 Kf6 55. Ra5 Rxe6 56. Rb5 Rc6 57. Ra5 Rd6 58. Rb5 Ra6 59. Rc5 Ra3+ 60. Kg2 Kg6 61. Rb5 Re3 62. Rc5 Re4 63. Kf3 Re6 64. Rd5 Kf6 65. Rb5 Ra6 66. Rc5 g5 67. fxg5+ hxg5 68. Kg2 Kg6 69. Rc8 Ra2+ 70. Kg3 Ra3+ 71. Kg2 Ra2+ 72. Kg3 f4+ 73. Kf3 Rh2 74. Kg4 Rg2+ 75. Kf3 Rg3+ 76. Ke4 Re3+ 77. Kd4 Rxh3 78. Ke5 Re3+ 79. Kd4 Kf5 80. Rf8+ Kg4 81. Rg8 Re1 82. Rf8 f3 0-1


[Site "https://www.chess.com"]

[Event "Titled Tuesday Blitz July 11 Early 2023"]
[White "Kushko, Dmitriy"]
[Black "Jimenez Jimenez, Leandro"]
[WhiteFideId "14162261"]
[BlackFideId "6415253"]
[WhiteElo "2785"]
[BlackElo "2469"]
[Result "1-0"]
[Round "1"]
[TimeControl "180+2"]
[Date "2023.07.11"]
[WhiteClock "0:00:16"]
[BlackClock "0:00:14"]
[Board "52"]

1. Nf3 Nf6 2. g3 e6 3. Bg2 d5 4. O-O Be7 5. d3 O-O 6. Bf4 c5 7. a4 b6 8. e4 dxe4 9. dxe4 Bb7 10. e5 Nd5 11. Bd2 Nc6 12. Re1 Qc7 13. Na3 a6 14. Qe2 Rad8 15. h4 Rd7 16. h5 h6 17. Qe4 Ndb4 18. Qg4 Kh8 19. Bf4 Rfd8 20. c3 Nd3 21. Re2 Nxf4 22. Qxf4 Kg8 23. Nc4 Bf8 24. Kh2 Ne7 25. Nh4 Bxg2 26. Nxg2 Nd5 27. Qe4 b5 28. axb5 axb5 29. Nce3 c4 30. Nxd5 Rxd5 31. Nf4 Rd2 32. Kg2 Qd7 33. Rae1 Bc5 34. Rxd2 Qxd2 35. Re2 Qd7 36. Qf3 Qa7 37. Qc6 Qb6 38. Qxb6 Bxb6 39. Kf3 Kf8 40. Ke4 Ke7 41. Nh3 Rd5 42. f4 Rd3 43. f5 Rxg3 44. Nf4 exf5+ 45. Kxf5 Rg5+ 46. Ke4 Bc5 47. Rd2 Rg3 48. Kf5 Rg5+ 49. Ke4 Rg3 50. Rd5 Re3+ 51. Kf5 Bb6 52. Rxb5 g6+ 53. hxg6 fxg6+ 54. Nxg6+ Kf7 55. Rxb6 Rf3+ 56. Nf4 h5 57. e6+ Ke8 58. Ke4 Rf1 59. Nd5 Re1+ 60. Kf5 Rf1+ 61. Ke5 Re1+ 62. Kd6 Kf8 63. Rb8+ Kg7 64. e7 Kf7 65. Rf8+ Kg7 66. e8=Q Rxe8 67. Rxe8 h4 68. Re4 h3 69. Rh4 h2 70. Rxh2 Kg6 71. Rf2 Kg5 72. Rf4 Kg6 73. Kc5 Kg5 74. Kxc4 Kg6 75. b4 Kg5 76. b5 Kg6 77. b6 Kg7 78. b7 Kh6 79. b8=Q Kg7 80. Qc7+ Kh6 81. Qd6+ Kh7 82. Rf7+ Kg8 83. Qf8# 1-0


[Site "https://www.chess.com"]

[Event "Titled Tuesday Blitz July 11 Early 2023"]
[White "Disconzi da Silva, Rodrigo"]
[Black "Bazeev, German"]
[WhiteFideId "2100991"]
[BlackFideId "24119350"]
[WhiteElo "2468"]
[BlackElo "2784"]
[Result "0-1"]
[Round "1"]
[TimeControl "180+2"]
[Date "2023.07.11"]
[WhiteClock "0:00:42"]
[BlackClock "0:02:20"]
[Board "53"]

1. d4 Nf6 2. c4 e6 3. Nf3 b6 4. Nc3 Bb4 5. Bg5 Bb7 6. Nd2 h6 7. Bh4 e5 8. dxe5 Bxc3 9. bxc3 g5 10. Bg3 Nh5 11. c5 Nc6 12. cxb6 axb6 13. Nc4 Qe7 14. Qd5 O-O-O 15. Rb1 Nxg3 16. hxg3 Na5 17. Qd4 Nxc4 18. Qxc4 Qxe5 19. g4 d5 20. Qd3 d4 21. c4 Be4 22. Qd1 Qa5+ 0-1


[Site "https://www.chess.com"]

[Event "Titled Tuesday Blitz July 11 Early 2023"]
[White "Bachmann, Axel"]
[Black "gueraumasague"]
[WhiteFideId "3700488"]
[WhiteElo "2782"]
[BlackElo "2467"]
[Result "1-0"]
[Round "1"]
[TimeControl "180+2"]
[Date "2023.07.11"]
[WhiteClock "0:00:17"]
[BlackClock "0:00:00"]
[Board "54"]

1. e4 g6 2. d4 Bg7 3. Nc3 c6 4. Be3 d5 5. e5 Nh6 6. Qd2 Nf5 7. Bf4 h5 8. Nf3 e6 9. Bd3 b6 10. O-O-O Ba6 11. Bxf5 gxf5 12. Bg5 Qc7 13. Rhe1 Nd7 14. Kb1 Bb7 15. Qf4 Nf8 16. Qg3 Rh7 17. h3 Kd7 18. Nh4 Re8 19. Qf3 Kc8 20. g4 hxg4 21. hxg4 fxg4 22. Qxg4 Kb8 23. f4 Bc8 24. Rh1 a6 25. Rh3 f5 26. exf6 e5 27. f5 Bh8 28. dxe5 Rxe5 29. a3 Nd7 30. Ng6 Rxh3 31. Qxh3 Bxf6 32. Bxf6 Nxf6 33. Nxe5 Qxe5 34. Rf1 a5 35. Qh4 Ba6 36. Qf4 Qxf4 37. Rxf4 Kc7 38. Rh4 Kd6 39. Rh8 Ke5 40. Rb8 Nd7 41. Rd8 Nf6 42. Na4 Kxf5 43. Nxb6 Ke6 44. Ra8 Bb5 45. a4 Bf1 46. Rxa5 Kd6 47. b4 Ne4 48. Kb2 Be2 49. Ra8 Kc7 50. a5 Kb7 51. Re8 c5 52. bxc5 Bf3 53. Nxd5 Nxc5 54. Nb4 Bg2 55. Re7+ 1-0


[Site "https://www.chess.com"]

[Event "Titled Tuesday Blitz July 11 Early 2023"]
[White "Urbina Perez, Juan Antonio"]
[Black "Goltsev, Dmitry"]
[WhiteFideId "2217368"]
[BlackFideId "24176710"]
[WhiteElo "2466"]
[BlackElo "2778"]
[Result "1-0"]
[Round "1"]
[TimeControl "180+2"]
[Date "2023.07.11"]
[WhiteClock "0:00:19"]
[BlackClock "0:00:00"]
[Board "55"]

1. e4 e6 2. d4 d5 3. Nd2 c5 4. exd5 exd5 5. Ngf3 Nf6 6. Bb5+ Nc6 7. O-O Be7 8. dxc5 Bxc5 9. Nb3 Bb6 10. Re1+ Be6 11. Be3 O-O 12. Bxb6 Qxb6 13. Bd3 Bg4 14. c3 Rfe8 15. Be2 Ne4 16. Nfd4 Bxe2 17. Rxe2 Ne5 18. Qc2 a5 19. Rae1 a4 20. Nd2 Nc4 21. Nxc4 Qc5 22. Nd2 Nf6 23. Rxe8+ Nxe8 24. Qf5 Nf6 25. h3 a3 26. Qc2 g6 27. N2b3 Qc4 28. Qc1 Ne4 29. Nd2 axb2 30. Qxb2 Qxc3 31. Qxc3 Nxc3 32. Nb1 Nxa2 33. Re7 Nc1 34. Rxb7 Nd3 35. f3 Re8 36. Nc3 Re1+ 37. Kh2 Nf4 38. Rb8+ Kg7 39. Rb1 Re3 40. Rc1 h5 41. h4 Rd3 42. Nde2 Ne6 43. Rd1 Rxd1 44. Nxd1 Kf6 45. Nb2 g5 46. hxg5+ Kxg5 47. Nd3 Kf5 48. Kg3 Ng7 49. Kf2 Ne6 50. Ke3 h4 51. Nd4+ Kg5 52. Nxe6+ fxe6 53. Kd4 Kf5 54. Kc5 Kf6 55. Kd6 Kf5 56. Kc6 Kf6 57. Kc5 Kg5 58. Kd6 Kf5 59. Kc5 Kg5 60. Kd4 Kf5 61. Ke3 e5 62. Nb4 d4+ 63. Kf2 e4 64. fxe4+ Kxe4 65. Nc2 d3 66. Ne3 1-0


[Site "https://www.chess.com"]

[Event "Titled Tuesday Blitz July 11 Early 2023"]
[White "Tristan, Leonardo"]
[Black "Devaev, Alexander"]
[WhiteFideId "113816"]
[BlackFideId "4169395"]
[WhiteElo "2773"]
[BlackElo "2465"]
[Result "1-0"]
[Round "1"]
[TimeControl "180+2"]
[Date "2023.07.11"]
[WhiteClock "0:02:28"]
[BlackClock "0:02:22"]
[Board "56"]

1. d4 Nf6 2. Nf3 e6 3. Bf4 c5 4. c3 d5 5. e3 Bd6 6. Bb5+ Nc6 7. Bg3 Qc7 8. dxc5 Bxg3 9. hxg3 O-O 10. Nbd2 e5 11. b4 Bg4 12. Be2 a5 13. a3 e4 14. Nd4 Bf3 15. gxf3 exf3 16. Bxf3 1-0


[Site "https://www.chess.com"]

[Event "Titled Tuesday Blitz July 11 Early 2023"]
[White "Gatterer, Florian"]
[Black "Maximov, Dmitry"]
[WhiteFideId "811688"]
[BlackFideId "14105659"]
[WhiteElo "2462"]
[BlackElo "2772"]
[Result "0-1"]
[Round "1"]
[TimeControl "180+2"]
[Date "2023.07.11"]
[WhiteClock "0:00:02"]
[BlackClock "0:01:45"]
[Board "57"]

1. d4 Nf6 2. Bf4 g6 3. Nc3 d5 4. e3 c6 5. Nf3 Bg7 6. Be2 Nbd7 7. h4 Nf8 8. Ne5 Ne6 9. Bg3 h5 10. Qd2 Nd7 11. Nxd7 Bxd7 12. O-O-O b5 13. f3 Qa5 14. a3 Qb6 15. Kb1 a5 16. Be5 Bxe5 17. dxe5 b4 18. Na4 Qb8 19. b3 c5 20. Ka2 Bxa4 21. bxa4 O-O 22. g4 c4 23. gxh5 b3+ 24. Ka1 Qxe5+ 25. c3 Nc5 26. hxg6 Nxa4 27. gxf7+ Rxf7 28. Rhg1+ Kf8 29. Bxc4 b2+ 30. Ka2 Nxc3+ 31. Kb3 dxc4+ 32. Kc2 Nxd1 0-1


[Site "https://www.chess.com"]

[Event "Titled Tuesday Blitz July 11 Early 2023"]
[White "Schmakel, Sam"]
[Black "Flynn, Jacob"]
[WhiteFideId "2039311"]
[BlackFideId "2509393"]
[WhiteElo "2770"]
[BlackElo "2462"]
[Result "1-0"]
[Round "1"]
[TimeControl "180+2"]
[Date "2023.07.11"]
[WhiteClock "0:00:08"]
[BlackClock "0:00:01"]
[Board "58"]

1. d4 Nf6 2. c4 e6 3. Nf3 d5 4. Nc3 c6 5. g3 dxc4 6. Bg2 b5 7. O-O Bb7 8. Ne5 Qb6 9. a4 Nbd7 10. Nxd7 Nxd7 11. b3 cxb3 12. Qxb3 a6 13. Be3 Qc7 14. axb5 cxb5 15. Nxb5 axb5 16. Rxa8+ Bxa8 17. Bxa8 Be7 18. Rc1 Qd8 19. Bc6 O-O 20. Qxb5 Nf6 21. Bf3 Nd5 22. Bxd5 Qxd5 23. Qxd5 exd5 24. Bf4 g5 25. Bd2 Bf6 26. e3 Rd8 27. g4 Kf8 28. Rc7 Ke8 29. Bb4 Rd7 30. Rc8+ Rd8 31. Rc6 Be7 32. Bxe7 Kxe7 33. Rh6 Rh8 34. Kg2 f6 35. Kg3 Kf7 36. h4 gxh4+ 37. Rxh4 Kg6 38. Kf4 Re8 39. f3 Rd8 40. Rh1 h6 41. Rb1 Rd7 42. Rb6 Rd8 43. Kg3 Rd7 44. Kf2 Rd8 45. Ke2 Rd7 46. Kd3 Rd8 47. f4 h5 48. gxh5+ Kf5 49. h6 Rh8 50. Rd6 Rxh6 51. Rxd5+ Ke6 52. Ra5 Rh1 53. Ke4 Rh3 54. Ra6+ Kf7 55. d5 Rh1 56. Kf5 Ke7 57. Re6+ Kd7 58. Rxf6 Rh5+ 59. Ke4 Rh1 60. Rf5 Ke7 61. Re5+ Kd6 62. Re6+ Kd7 63. Ra6 Rc1 64. Ke5 Rc4 65. e4 Ke7 66. Ra7+ Ke8 67. d6 Rb4 68. Kf5 Rb6 69. e5 Rb1 70. Ke6 Rb8 71. Rh7 1-0


[Site "https://www.chess.com"]

[Event "Titled Tuesday Blitz July 11 Early 2023"]
[White "Mmukka"]
[Black "Hilary46"]
[WhiteElo "2460"]
[BlackElo "2766"]
[Result "0-1"]
[Round "1"]
[TimeControl "180+2"]
[Date "2023.07.11"]
[WhiteClock "0:00:03"]
[BlackClock "0:00:03"]
[Board "59"]

1. e4 e5 2. Nf3 Nc6 3. Bb5 a6 4. Ba4 Nf6 5. d3 b5 6. Bb3 d6 7. c3 Be7 8. O-O O-O 9. Re1 Na5 10. Bc2 c5 11. Nbd2 Nc6 12. Nf1 h6 13. Ng3 Re8 14. Be3 Bf8 15. h3 d5 16. exd5 Nxd5 17. a4 Nxe3 18. Rxe3 Bb7 19. Qe1 Qd5 20. Qe2 b4 21. Rd1 b3 22. Bb1 Rad8 23. h4 a5 24. h5 c4 25. d4 Re6 26. Be4 Qd7 27. d5 Ne7 28. Qxc4 Nxd5 29. Red3 Rd6 30. Nxe5 Qe6 31. Bxd5 Rxd5 32. Rxd5 Bxd5 33. Qe2 Be7 34. c4 Bc6 35. Rxd8+ Bxd8 36. Nxc6 Qxc6 37. Qe4 Qxa4 38. Kh2 Qd7 39. c5 Bc7 40. Qa8+ Qd8 41. Qe4 Qf8 42. Qc6 Qb8 43. Qd5 a4 44. Qd3 a3 45. bxa3 b2 46. Qb1 Qb3 47. a4 Qa3 48. Qe4 Qb3 49. Qe8+ Kh7 50. Qe4+ Kg8 51. Qe8+ Kh7 52. Qe4+ g6 53. hxg6+ Kg7 54. Qd4+ Kxg6 55. Qe4+ Kf6 56. Qf5+ Ke7 57. Qe4+ Kd7 58. Qd4+ Kc6 59. Qe4+ Kxc5 60. Qf5+ Kb4 61. Qb5+ Ka3 62. Qc5+ Ka2 63. Qxc7 b1=Q 64. a5 Qd5 65. a6 Qbb3 66. a7 Qa3 67. Qb6 Qda5 68. Qe3 Qxe3 69. fxe3 Qxa7 70. Nf5 Qc7+ 71. g3 Qe5 72. Nh4 Qxe3 73. Kh3 h5 74. Nf5 Qe6 75. Kh4 Qxf5 76. g4 Qxg4# 0-1


[Site "https://www.chess.com"]

[Event "Titled Tuesday Blitz July 11 Early 2023"]
[White "Remizov, Yaroslav"]
[Black "Mihailidis, Anastasios"]
[WhiteFideId "34134015"]
[BlackFideId "4205588"]
[WhiteElo "2763"]
[BlackElo "2459"]
[Result "1-0"]
[Round "1"]
[TimeControl "180+2"]
[Date "2023.07.11"]
[WhiteClock "0:00:15"]
[BlackClock "0:00:39"]
[Board "60"]

1. e4 c5 2. Nc3 Nc6 3. Bb5 Nd4 4. Bc4 e6 5. Nf3 Be7 6. O-O Nf6 7. d3 d5 8. exd5 exd5 9. Nxd4 dxc4 10. Nf3 cxd3 11. cxd3 O-O 12. d4 Bg4 13. d5 Qd6 14. h3 Bh5 15. Re1 Rad8 16. Bg5 h6 17. Bh4 Rfe8 18. g4 Bg6 19. Bg3 Qd7 20. Ne5 Qc8 21. Nxg6 fxg6 22. d6 Bxd6 23. Rxe8+ Nxe8 24. Qd5+ Kh7 25. Bxd6 Rxd6 26. Qe5 Re6 27. Qg3 Qd7 28. Rd1 Qe7 29. Kg2 Nf6 30. Qb8 Re5 31. Rd8 g5 32. Rh8+ Kg6 33. Qxa7 Qd7 34. Qb6 c4 35. Rd8 Qe7 36. Qd6 Qxd6 37. Rxd6 Ra5 38. Rb6 Ra7 39. Rb4 Nd7 40. Rxc4 Ne5 41. Rb4 Nc6 42. Rb6 Kf7 43. a3 Nd8 44. Nb5 Ke7 45. Nxa7 1-0


[Site "https://www.chess.com"]

[Event "Titled Tuesday Blitz July 11 Early 2023"]
[White "Marn, Jan"]
[Black "Gorovets, Andrey"]
[WhiteFideId "14619245"]
[BlackFideId "13504037"]
[WhiteElo "2456"]
[BlackElo "2760"]
[Result "0-1"]
[Round "1"]
[TimeControl "180+2"]
[Date "2023.07.11"]
[WhiteClock "0:00:00"]
[BlackClock "0:00:01"]
[Board "61"]

1. d4 Nf6 2. Nf3 e6 3. e3 b6 4. Bd3 Bb7 5. O-O d5 6. b3 Nbd7 7. Bb2 Ne4 8. Ne5 Nxe5 9. dxe5 Qg5 10. Nd2 O-O-O 11. f4 Qh6 12. Nf3 f5 13. a4 a5 14. Qe2 Be7 15. Nd4 c5 16. Nb5 g5 17. Bxe4 dxe4 18. Nd6+ Bxd6 19. exd6 gxf4 20. Rxf4 Rhg8 21. Be5 Kb8 22. Qb5 Ka7 23. d7 Qh3 24. Rf2 Qxe3 25. Bc7 Rxg2+ 26. Kxg2 Rg8+ 27. Bg3 Qd4 28. Re1 e3+ 0-1


[Site "https://www.chess.com"]

[Event "Titled Tuesday Blitz July 11 Early 2023"]
[White "Atakhan, Abtin"]
[Black "Nunez V, Gustavo Eduardo"]
[WhiteFideId "22502203"]
[BlackFideId "4403690"]
[WhiteElo "2760"]
[BlackElo "2453"]
[Result "1-0"]
[Round "1"]
[TimeControl "180+2"]
[Date "2023.07.11"]
[WhiteClock "0:01:23"]
[BlackClock "0:00:08"]
[Board "62"]

1. Nf3 g6 2. g3 Bg7 3. d4 d6 4. Bg2 Nf6 5. c4 O-O 6. Nc3 Nbd7 7. O-O e5 8. e4 Re8 9. Re1 c6 10. Qc2 Qc7 11. h3 h6 12. Be3 Nf8 13. Rad1 b6 14. d5 c5 15. Rb1 a5 16. a3 Ba6 17. Nb5 Bxb5 18. cxb5 a4 19. Nd2 g5 20. Nc4 Ng6 21. Bd2 Nd7 22. Ne3 Ne7 23. Bc3 Nf8 24. Qe2 Nfg6 25. Qh5 Qd7 26. Bf3 Qxb5 27. Bg4 Qd3 28. Rbd1 Qa6 29. Bf5 b5 30. Ng4 Kh7 31. Bd2 f6 32. h4 Nxf5 33. exf5 Ne7 34. hxg5 fxg5 35. f6 Nf5 36. fxg7 Kxg7 37. Bxg5 Rh8 38. Bf6+ Kf8 39. Qxf5 Rg8 40. Bxe5+ Ke8 41. Bf6+ Kf7 42. Re7+ Kf8 43. Bg5# 1-0


[Site "https://www.chess.com"]

[Event "Titled Tuesday Blitz July 11 Early 2023"]
[White "Ocelak, Jakub"]
[Black "Nasuta, Grzegorz"]
[WhiteFideId "23707933"]
[BlackFideId "1141686"]
[WhiteElo "2452"]
[BlackElo "2757"]
[Result "1/2-1/2"]
[Round "1"]
[TimeControl "180+2"]
[Date "2023.07.11"]
[WhiteClock "0:00:07"]
[BlackClock "0:00:03"]
[Board "63"]

1. d4 d5 2. Nc3 Nf6 3. Bf4 a6 4. e3 Bf5 5. Bd3 Bg6 6. h4 e6 7. h5 Bxd3 8. cxd3 h6 9. Nf3 Bd6 10. Ne5 Nbd7 11. Qb3 Rb8 12. Rc1 O-O 13. Ne2 Qe7 14. Ng3 c5 15. Nxd7 Nxd7 16. Bxd6 Qxd6 17. dxc5 Nxc5 18. Qa3 Rbc8 19. O-O Qb6 20. d4 Nd7 21. b3 Nf6 22. Rc5 Rxc5 23. Qxc5 Qxc5 24. dxc5 Rc8 25. b4 Kf8 26. Rc1 Ke7 27. f3 b6 28. Kf2 bxc5 29. bxc5 Nd7 30. c6 Ne5 31. Ke2 Rxc6 32. Rxc6 Nxc6 33. Kd2 Kd6 34. Kc3 Kc5 35. Ne2 e5 36. Nc1 d4+ 37. exd4+ exd4+ 38. Kb3 Ne5 39. f4 Ng4 40. Nd3+ Kd5 41. Nb4+ Ke4 42. Nxa6 d3 43. Kc3 Ke3 44. Nb4 d2 45. Nc2+ Ke2 46. Nd4+ Ke1 47. Nc2+ Kd1 48. Nd4 Ke1 49. Nc2+ Ke2 50. Nd4+ Ke3 51. Nc2+ Ke2 1/2-1/2


[Site "https://www.chess.com"]

[Event "Titled Tuesday Blitz July 11 Early 2023"]
[White "Boruchovsky, Avital"]
[Black "Begunov, Konstantin"]
[WhiteFideId "2800055"]
[BlackFideId "4118510"]
[WhiteElo "2749"]
[BlackElo "2452"]
[Result "1-0"]
[Round "1"]
[TimeControl "180+2"]
[Date "2023.07.11"]
[WhiteClock "0:02:04"]
[BlackClock "0:00:26"]
[Board "64"]

1. d4 d5 2. Nc3 Bf5 3. Bf4 e6 4. Nf3 Nf6 5. Ne5 Ne4 6. Nxe4 Bxe4 7. f3 Bf5 8. g4 f6 9. gxf5 fxe5 10. Bxe5 exf5 11. Qd3 Qh4+ 12. Bg3 Qe7 13. Qxf5 Qb4+ 14. c3 Qxb2 15. Qc8+ Kf7 16. Bh3 Qxc3+ 17. Kf1 Be7 18. Be6+ Kg6 19. Qxh8 Qxa1+ 20. Kg2 Qxd4 21. Qe8+ Kf6 22. Qf7+ Kg5 23. h4+ Kh6 24. Bf4+ 1-0


[Site "https://www.chess.com"]

[Event "Titled Tuesday Blitz July 11 Early 2023"]
[White "Itkis, Boris"]
[Black "Mahdavi, Reza"]
[WhiteFideId "1209167"]
[BlackFideId "12595926"]
[WhiteElo "2447"]
[BlackElo "2748"]
[Result "0-1"]
[Round "1"]
[TimeControl "180+2"]
[Date "2023.07.11"]
[WhiteClock "0:00:00"]
[BlackClock "0:00:45"]
[Board "65"]

1. c4 e5 2. Nc3 Nf6 3. Nf3 Nc6 4. e4 Bc5 5. Nxe5 Nxe5 6. d4 Bb4 7. dxe5 Nxe4 8. Qf3 Nxc3 9. bxc3 Ba5 10. Bf4 O-O 11. O-O-O Qe7 12. Kb2 Bb6 13. Bd3 a5 14. h4 a4 15. h5 a3+ 16. Ka1 Ra5 17. Qe4 f5 18. Qf3 c6 19. g4 d5 20. exd6 Qf6 21. Bc2 fxg4 22. Qd3 Bf5 23. Qxf5 Rxf5 0-1


[Site "https://www.chess.com"]

[Event "Titled Tuesday Blitz July 11 Early 2023"]
[White "Preotu, Razvan"]
[Black "Zheenbekov, Nurgazy"]
[WhiteFideId "2613280"]
[BlackFideId "13800485"]
[WhiteElo "2747"]
[BlackElo "2447"]
[Result "1-0"]
[Round "1"]
[TimeControl "180+2"]
[Date "2023.07.11"]
[WhiteClock "0:00:12"]
[BlackClock "0:00:00"]
[Board "66"]

1. e4 e5 2. Nf3 Nc6 3. Bc4 Nf6 4. d3 Be7 5. O-O O-O 6. Re1 d6 7. a4 a6 8. c3 h6 9. h3 Be6 10. Nbd2 Re8 11. Bxe6 fxe6 12. b4 Rf8 13. Nb3 Qe8 14. Be3 Nh5 15. b5 Nb8 16. Rb1 axb5 17. axb5 Nd7 18. d4 Nf4 19. Bxf4 Rxf4 20. Nbd2 Qg6 21. Qb3 Raf8 22. Kh1 Kh8 23. Ra1 Qh5 24. Qxe6 Qe8 25. Ra7 R4f6 26. Qc4 Nb6 27. Qxc7 Bd8 28. Qxb7 R6f7 29. Qa6 Rxa7 30. Qxa7 Qxb5 31. Rb1 Qc6 32. dxe5 dxe5 33. Nxe5 Qe6 34. Ndf3 Kg8 35. Qb7 Re8 36. Qc6 Qxc6 37. Nxc6 Bc7 38. e5 Nc4 39. Rb7 Bxe5 40. Nfxe5 Nxe5 41. Nxe5 Rxe5 42. Rc7 Re2 43. f3 Rc2 44. Kh2 Kf8 45. Kg3 Rc1 46. h4 Rc2 47. h5 Kg8 48. c4 Kf8 49. c5 Kg8 50. c6 Kh7 51. Rc8 Rc5 52. c7 Rc6 53. Kf4 Rc5 54. g4 g6 55. hxg6+ Kxg6 56. Rg8+ 1-0


[Site "https://www.chess.com"]

[Event "Titled Tuesday Blitz July 11 Early 2023"]
[White "Zacurdajev, Dmitry"]
[Black "splendidkid"]
[WhiteFideId "4196309"]
[WhiteElo "2446"]
[BlackElo "2747"]
[Result "0-1"]
[Round "1"]
[TimeControl "180+2"]
[Date "2023.07.11"]
[WhiteClock "0:00:02"]
[BlackClock "0:01:52"]
[Board "67"]

1. d4 Nf6 2. c4 g6 3. Nc3 Bg7 4. e4 d6 5. Be2 O-O 6. h4 h5 7. Bg5 Nh7 8. Be3 e5 9. d5 a5 10. Qd2 Na6 11. g4 Bxg4 12. Bxg4 hxg4 13. h5 g5 14. h6 Bh8 15. Nge2 Bf6 16. O-O-O Qd7 17. Rdg1 Be7 18. Ng3 f6 19. Nf5 Rf7 20. Rxg4 Nf8 21. Rhg1 Kh8 22. f4 exf4 23. Bxf4 Ng6 24. Be3 Kh7 25. Qf2 Ne5 26. Qe2 Nxg4 27. Qxg4 Re8 28. e5 fxe5 29. Rf1 Ref8 30. Bxg5 Rg8 31. Ne4 Nc5 32. Nxc5 dxc5 33. Bxe7 0-1


[Site "https://www.chess.com"]